 Dungeon Crawl Stone Soup version 0.30-a0-187-gd9c2deaf24 (webtiles) character file.

Game seed: 14570720013068792305

13475 Iusername the Fighter (level 11, -2/104 HPs)
             Began as a Minotaur Fighter on Oct 3, 2022.
             Was a Priest of Dithmenos.
             Slain by a manticore (5 damage)
             ... on level 11 of the Dungeon.
             The game lasted 00:17:36 (10887 turns).

Iusername the Fighter (Minotaur Fighter)           Turns: 10887, Time: 00:17:37

Health: -2/104     AC:  8    Str: 27 (29) XL:     11   Next: 76%
Magic:  19/19      EV: 12    Int:  6 (8)  God:    Dithmenos [***...]
Gold:   780        SH:  7    Dex: 10 (12) Spells: 10/10 levels left

rFire   . . .      SeeInvis .    t - +6 hand axe (freeze)
rCold   . . .      Faith    .    c - +1 buckler
rNeg    . . .      Spirit   .    b - +0 scale mail
rPois   .          Reflect  .    (helmet restricted)
rElec   .          Harm     .    (no cloak)
rCorr   .          Rampage  .    e - +0 pair of gloves
Will    ++...                    m - +0 pair of boots of Painted Wonder {Regen+ Int+2 Dex+3}
Stlth   ++........               (no amulet)
HPRegen 1.17/turn                q - ring "Keazog" {Will+ MP+9 Int+2 Slay-4 Stlth+}
MPRegen 0.16/turn                l - +4 ring of slaying

@: corroded, hasted, wreathed by umbra, very quick
A: horns 2, retaliatory headbutt, strong-willed 1, strong 1
a: Renounce Religion, Shadow Step


You were on level 11 of the Dungeon.
You worshipped Dithmenos.
Dithmenos was most pleased with you.
You visited 2 branches of the dungeon, and saw 12 of its levels.

You collected 780 gold pieces.

Inventory:

Hand Weapons
 t - a +6 hand axe of freezing (weapon)
Missiles
 B - 5 silver javelins
Armour
 b - a +0 scale mail (worn)
 c - a +1 buckler (worn)
 e - a +0 pair of gloves (worn)
 m - the +0 pair of boots of Painted Wonder (worn) {Regen+ Int+2 Dex+3}
   (You found it on level 4 of the Dungeon)

   Int:       It affects your intelligence (+2).
   Dex:       It affects your dexterity (+3).
   Regen:     It increases your rate of health regeneration.
Jewellery
 l - a +4 ring of slaying (right hand)
 q - the ring "Keazog" (left hand) {Will+ MP+9 Int+2 Slay-4 Stlth+}
   (You found it on level 5 of the Dungeon)

   [ring of willpower]

   Int:       It affects your intelligence (+2).
   Slay:      It affects your accuracy & damage with ranged weapons and melee
   (-4).
   MP:        It affects your magic capacity (+9).
   Will:      It increases your willpower.
   Stlth:     It makes you more stealthy.
 u - a ring of protection from cold
 y - a +6 ring of dexterity
Wands
 r - a wand of charming (8)
 x - a wand of mindburst (4) (quivered)
 A - a wand of flame (18)
 C - a wand of iceblast (14)
 G - a wand of polymorph (5)
Scrolls
 a - a scroll of vulnerability {unknown}
 f - a scroll of immolation
 g - 3 scrolls of teleportation
 i - 2 scrolls of magic mapping
 j - 2 scrolls of poison
 n - a scroll of brand weapon
 o - 2 scrolls of amnesia
 p - a scroll of blinking
 s - a scroll of noise {unknown}
 v - a scroll of fear
Potions
 d - 2 potions of resistance
 h - 2 potions of curing
 z - a potion of cancellation
 F - a potion of flight
Miscellaneous
 D - a piece from Xom's chessboard (14/15)


   Skills:
 + Level 12.2 Fighting
 - Level 10.0 Axes
 + Level 11.9 Armour
 + Level 7.1 Dodging
 + Level 2.5 Stealth
 + Level 10.1 Shields
 + Level 1.1 Evocations


You had 10 spell levels left.
You didn't know any spells.
Your spell library contained the following spells:

 Spells                   Type           Power      Damage    Failure   Level
 Freeze                   Ice            0%         1d3       75%         1
 Blink                    Tloc           0%         N/A       86%         2
 Cigotuvi's Dreadful Rot  Necr/Pois/Air  0%         N/A       86%         2
 Momentum Strike          Conj/Tloc      0%         3d8       86%         2
 Poisonous Vapours        Pois/Air       0%         N/A       86%         2
 Frozen Ramparts          Ice            0%         1d1       98%         3
 Hailstorm                Conj/Ice       0%         3d3       98%         3
 Lesser Beckoning         Tloc           0%         N/A       98%         3
 Leda's Liquefaction      Hex/Erth       0%         N/A       100%        4
 Lee's Rapid Deconstruct  Erth           0%         3d5*      100%        5
 Silence                  Hex/Air        0%         N/A       100%        5
 Summon Forest            Summ/Tloc      0%         N/A       100%        5
 Statue Form              Tmut/Erth      0%         N/A       100%        6
 Storm Form               Tmut/Air       0%         N/A       100%        7


Dungeon Overview and Level Annotations

Branches:
Dungeon (11/15)            Temple (1/1) D:6            Lair (0/5) D:11
    Orc (0/2) D:9

Altars:
Ashenzari
Cheibriados
Dithmenos
Elyvilon
Fedhas
Gozag
Hepliaklqana
Kikubaaqudgha
Makhleb
Nemelex Xobeh
Okawaru
Qazlal
Ru
Sif Muna
Trog
Uskayaw
Vehumet
Wu Jian
Xom
Yredelemnul
Zin
The Shining One


Innate Abilities, Weirdness & Mutations

You have a pair of horns on your head.
You reflexively headbutt those who attack you in melee.
You are strong-willed. (Will+)
Your muscles are strong. (Str +4, Int/Dex -1)


Message History

The acid dragon bites you but does no damage.
The acid dragon claws you but does no damage.
The orc priest hits you with a +0 dagger.
* * * LOW HITPOINT WARNING * * *
The yak closely misses you.
You make a move on Xom's chessboard...
The yak seems to slow down.
The orc priest closely misses you. The yak gores you but does no damage.
The acid dragon closely misses you. You block the acid dragon's attack.
You block the yak's attack.
You feel better. The orc priest closely misses you. You furiously retaliate!
You headbutt the orc priest. The yak gores you but does no damage.
The yak closely misses you. The acid dragon barely misses you.
You furiously retaliate!
You headbutt the acid dragon, but do no damage.
The acid dragon barely misses you. You block the yak's attack.
You slash the acid dragon! You freeze the acid dragon.
You kill the acid dragon!
Dithmenos accepts your kill.
You closely miss the yak. You hit the yak. You freeze the yak.
You slash the orc priest! You freeze the orc priest.
You kill the orc priest!
Dithmenos accepts your kill.
You slash the yak! You freeze the yak. The yak gores you!
* * * LOW HITPOINT WARNING * * *
You see here an acid dragon corpse.
You feel better. The yak completely misses you. The yak gores you!
* * * LOW HITPOINT WARNING * * *
The yak closely misses you.
It was a potion of haste.
You feel yourself speed up. You block the yak's attack.
The yak barely misses you.
It was a potion of degeneration.
There was something very wrong with that liquid.
You feel weakened.
You feel dopey.
You feel clumsy. The yak gores you!
* * * LOW HITPOINT WARNING * * *
The manticore bites you.
* * * LOW HITPOINT WARNING * * *
The manticore claws you.
You die...

#.## # #...## .
##.....## # ....
#.......# .....
##.P.....# .....
#.........
.....###YY.......##
..<.....Y@..>.....#
........YH........#
###.....†........
#....#.......#
#....#.......#
####....##.....##
.........###...###.#
#########..........#
#..........#


You could see a manticore and 4 yaks.

Vanquished Creatures
  Fannar (D:10)
  Erica (D:8)
  3 two-headed ogres (D:9)
  Sonja (D:10)
  Pikel (D:9)
  A kobold demonologist (D:8)
  Sigmund (D:6)
  A wyvern (D:9)
  A shadow (D:9)
  A vampire (D:10)
  18 yaks
  3 vampire mosquitoes (D:10)
  Menkaure (D:7)
  4 wargs
  A water moccasin (D:8)
  4 acid dragons
  3 orc warriors
  3 ogres (D:5)
  5 centaurs (D:9)
  2 phantoms (D:6)
  11 kobold brigands
  5 bullfrogs
  A gnoll sergeant (D:9)
  4 scorpions (D:5)
  11 wights
  7 killer bees
  5 howler monkeys
  10 orc priests
  A jelly (D:6)
  A hound (D:5)
  A gnoll bouda (D:7)
  2 iguanas
  18 orc wizards
  8 gnolls
  4 adders
  A shadow imp (D:7)
  2 white imps
  An ufetubus (D:6)
  2 worms
  A dart slug (D:5)
  52 orcs
  5 endoplasms
  5 giant cockroaches
  6 hobgoblins
  10 jackals
  4 quokkas
  9 ball pythons
  6 bats
  4 frilled lizards
  13 goblins
  9 kobolds
  2 rats
277 creatures vanquished.

Notes
Turn   | Place    | Note
-------+----------+-------------------------------------------
     0 | D:1      | Iusername the Minotaur Fighter began the quest for the Orb.
     0 | D:1      | Reached XP level 1. HP: 19/19 MP: 0/0
   207 | D:1      | Reached XP level 2. HP: 27/27 MP: 1/1
   342 | D:1      | Reached skill level 4 in Fighting
   363 | D:1      | Found a faded altar of an unknown god.
   917 | D:2      | Got the Quarto of Peregrination and Clouds
  1149 | D:2      | Reached XP level 3. HP: 27/33 MP: 2/2
  1277 | D:2      | Reached skill level 1 in Dodging
  1766 | D:3      | Reached XP level 4. HP: 10/40 MP: 3/3
  1766 | D:3      | Gained mutation: You do not regenerate when monsters are
                  | visible. [potion of mutation]
  1766 | D:3      | Gained mutation: You have sharp toenails. [potion of
                  | mutation]
  1768 | D:3      | HP: 1/40 [orc wizard/+0 dagger (3)]
  1774 | D:3      | Lost mutation: You have sharp toenails. [potion of
                  | mutation]
  1774 | D:3      | Lost mutation: You do not regenerate when monsters are
                  | visible. [potion of mutation]
  1774 | D:3      | Gained mutation: You are robust. (+10% HP) [potion of
                  | mutation]
  1774 | D:3      | Gained mutation: Your body sometimes deteriorates upon
                  | taking damage. [potion of mutation]
  1774 | D:3      | Gained mutation: You possess an exceptional clarity of
                  | mind. [potion of mutation]
  2595 | D:3      | Reached XP level 5. HP: 33/51 MP: 4/4
  3076 | D:3      | Found a hazy altar of Hepliaklqana.
  3085 | D:3      | Found a sparkling altar of Nemelex Xobeh.
  3706 | D:4      | Reached skill level 5 in Axes
  3712 | D:4      | Reached skill level 5 in Armour
  4004 | D:4      | Found a shimmering altar of Xom.
  4020 | D:4      | Identified the +0 pair of boots of Painted Wonder {Regen+
                  | Int+2 Dex+3}
  4069 | D:4      | Found a basalt altar of Yredelemnul.
  4113 | D:4      | Reached XP level 6. HP: 58/58 MP: 5/5
  4517 | D:5      | Entered Level 5 of the Dungeon
  4661 | D:5      | Reached skill level 5 in Fighting
  4661 | D:5      | Reached XP level 7. HP: 44/67 MP: 6/6
  4739 | D:5      | Found a snail-covered altar of Cheibriados.
  4932 | D:5      | Identified the ring "Keazog" {Will+ MP+9 Int+2 Slay-4
                  | Stlth+}
  5552 | D:5      | Reached XP level 8. HP: 77/77 MP: 7/7
  5574 | D:5      | Found a glowing silver altar of Zin.
  5866 | D:6      | Reached skill level 6 in Fighting
  5866 | D:6      | Found a broken altar of Ashenzari.
  5949 | D:6      | Found a staircase to the Ecumenical Temple.
  5976 | Temple   | Entered the Ecumenical Temple
  6136 | Temple   | Became a worshipper of Dithmenos the Shadowed
  6637 | D:6      | Reached skill level 5 in Shields
  6834 | D:6      | Noticed Sigmund
  6844 | D:6      | Killed Sigmund
  6907 | D:6      | Reached skill level 7 in Fighting
  7152 | D:7      | Noticed Menkaure
  7162 | D:7      | Killed Menkaure
  7163 | D:7      | Reached XP level 9. HP: 17/86 MP: 8/8
  7859 | D:7      | Found a shimmering blue altar of Sif Muna.
  7902 | D:7      | Found a radiant altar of Vehumet.
  7940 | D:7      | Reached * piety under Dithmenos
  8184 | D:8      | Reached skill level 1 in Stealth
  8382 | D:8      | Reached skill level 10 in Axes
  8401 | D:8      | Reached skill level 8 in Fighting
  8704 | D:8      | Noticed a kobold demonologist
  8721 | D:8      | Killed a kobold demonologist
  8748 | D:8      | Reached XP level 10. HP: 99/99 MP: 9/9
  8759 | D:8      | Reached skill level 5 in Dodging
  8863 | D:8      | Noticed Erica
  8879 | D:8      | Killed Erica
  8880 | D:8      | Reached skill level 9 in Fighting
  9012 | D:9      | Noticed Pikel
  9021 | D:9      | Killed Pikel
  9022 | D:9      | Reached skill level 10 in Armour
  9033 | D:9      | Reached ** piety under Dithmenos
  9091 | D:9      | Found a staircase to the Orcish Mines.
  9113 | D:9      | Reached skill level 10 in Fighting
  9178 | D:9      | Noticed a two-headed ogre
  9206 | D:9      | Killed a two-headed ogre
  9207 | D:9      | Reached XP level 11. HP: 47/111 MP: 10/10
  9373 | D:9      | Noticed a two-headed ogre
  9380 | D:9      | Killed a two-headed ogre
  9485 | D:9      | Lost mutation: You possess an exceptional clarity of mind.
                  | [potion of mutation]
  9485 | D:9      | Lost mutation: You are robust. (+10% HP) [potion of
                  | mutation]
  9485 | D:9      | Lost mutation: Your body sometimes deteriorates upon taking
                  | damage. [potion of mutation]
  9485 | D:9      | Gained mutation: Your muscles are strong. (Str +4, Int/Dex
                  | -1) [potion of mutation]
  9485 | D:9      | Gained mutation: You are strong-willed. (Will+) [potion of
                  | mutation]
  9551 | D:9      | Reached *** piety under Dithmenos
  9682 | D:9      | Noticed a two-headed ogre
  9712 | D:9      | Reached skill level 11 in Fighting
  9771 | D:9      | Killed a two-headed ogre
  9853 | D:10     | Entered Level 10 of the Dungeon
 10060 | D:10     | Noticed Sonja
 10062 | D:10     | Killed Sonja
 10199 | D:10     | Noticed Fannar
 10238 | D:10     | Killed Fannar
 10239 | D:10     | Reached skill level 12 in Fighting
 10466 | D:10     | Reached skill level 10 in Shields
 10806 | D:11     | Found a staircase to the Lair.
 10862 | D:11     | Reached skill level 1 in Evocations
 10887 | D:11     | HP: 3/104 [manticore (5)]
 10887 | D:11     | Slain by a manticore

Illustrated notes

Levels and vault maps discovered:
D:1:      scummos_arrival_star, layout_loops_ring,
          dreamdust_ecumenical_altar_angels_and_demons
D:2:      layout_basic, chequers_serial_rivers_micro_a,
          nicolae_underground_beach
D:3:      kennysheep_goblin_castle, layout_loops_cross,
          amethyst_overflow_temple_binary
D:4:      layout_cave_pods, tgw_xom, mainiacjoe_overflow_catwalk
D:5:      layout_loops_corners, zin_scriptorium, amcnicky_altar_gilded,
          kennysheep_potato
D:6:      layout_cave_pods, nicolae_ashenzari_panopticon,
          minmay_temple_entry_statues, uniq_sigmund
D:7:      layout_basic, kennysheep_mini, mainiacjoe_overflow_small_starburst,
          uniq_menkaure
D:8:      layout_basic, special_room [special_room_kobold], chequers_avenue,
          uniq_erica
D:9:      layout_basic, erik_orc_4, kennysheep_kite_vault, uniq_pikel
D:10:     layout_irregular_city, uniq_sonja, uniq_fannar
D:11:     layout_small_grid, erik_lair_orcish_takeover,
          makhleb_altar_promises_db
Temple:   hellmonk_temple_forest_ring

Skill      XL: |  1  2  3  4  5  6  7  8  9 10 11 |
---------------+----------------------------------+-----
Fighting       | 4 5 7 8 10 12 | 12.2
Armour         | 4 5 6 7 9 10 11 | 11.9
Shields        | 4 5 6 8 10 | 10.1
Axes           | 3 4 5 6 7 9 10 | 10.0
Dodging        | 1 2 3 4 6 7 |  7.1
Stealth        | 1 2 |  2.5
Evocations     | 1 |  1.1

Action                   |  1- 3 |  4- 6 |  7- 9 | 10-12 || total
-------------------------+-------+-------+-------+-------++-------
Melee: War axe           |    72 |    92 |       |       ||   164
       Headbutt          |     7 |    19 |    52 |    51 ||   129
       Hand axe          |       |    39 |   305 |   269 ||   613
Evoke: Wand              |       |       |       |    12 ||    12
       Piece from Xom's  |       |       |       |     1 ||     1
  Use: Potion            |     1 |     7 |     2 |     9 ||    19
       Scroll            |       |     5 |     2 |    10 ||    17
 Stab: Sleeping          |       |       |       |     2 ||     2
Armor: Scale mail        |    40 |    62 |   102 |    70 ||   274
       Skin              |       |    13 |       |       ||    13
Dodge: Dodged            |    35 |    60 |    98 |   161 ||   354
Block: Buckler           |    20 |    23 |    62 |    90 ||   195

Table legend: (Time is in decaauts)
 A = Elapsed time spent in this place.
 B = Non-inter-level travel time spent in this place.
 C = Inter-level travel time spent in this place.
 D = Time resting spent in this place.
 E = Time spent auto-exploring this place.
 F = Levels seen in this place.
 G = Mean time per level.
                   A        B        C        D        E       F      G
               +--------+--------+--------+--------+--------+-----+--------+
         Total |  10877 |  10343 |    534 |   2465 |   6202 |  12 |  906.4 |
       Dungeon |  10705 |  10196 |    509 |   2465 |   6070 |  11 |  973.2 |
        Temple |    171 |    146 |     25 |      0 |    132 |   1 |  171.0 |
               +--------+--------+--------+--------+--------+-----+--------+

Top non-repeatable levels by time:
     D:3: 1814 daAuts
     D:5: 1309 daAuts
     D:6: 1084 daAuts
     D:7: 1072 daAuts
     D:2: 1025 daAuts
     D:4: 985 daAuts
    D:10: 872 daAuts
     D:9: 843 daAuts
     D:8: 797 daAuts
     D:1: 754 daAuts
  Temple: 171 daAuts
    D:11: 145 daAuts
